 Dungeon Crawl Stone Soup version 0.29.0-4-gdea44cf6ec (webtiles) character file.

Game seed: 14261249430237562942

27 qw the Chopper (level 3, -4/21 HPs)
             Began as a Tengu Warper on Aug 28, 2022.
             Slain by Sigmund
             ... wielding a +1 scythe of distortion
              (13 damage)
             ... on level 2 of the Dungeon.
             The game lasted 00:00:05 (1200 turns).

qw the Chopper (Tengu Warper)                       Turns: 1200, Time: 00:00:06

Health: -4/21      AC:  8    Str: 13    XL:     3   Next: 10%
Magic:  7/7        EV:  6    Int: 13    God:
Gold:   34         SH:  0    Dex: 13    Spells: 6/6 levels left

rFire   . . .      SeeInvis .   Y - +0 hand axe
rCold   . . .      Faith    .   (no shield)
rNeg    . . .      Spirit   .   i - +0 chain mail
rPois   .          Reflect  .   (helmet restricted)
rElec   .          Harm     .   (no cloak)
rCorr   .          Rampage  .   (no gloves)
Will    .....                   (boots unavailable)
Stlth   ..........              (no amulet)
HPRegen 0.07/turn               (no ring)
MPRegen 0.10/turn               (no ring)

@: no status effects
A: beak, talons 3
a: no special abilities


You were on level 2 of the Dungeon.
You visited 1 branch of the dungeon, and saw 2 of its levels.

You collected 34 gold pieces.


Innate Abilities, Weirdness & Mutations

You have a beak for a mouth.
You have claws for feet.


   Skills:
 - Level 2.0 Fighting
 + Level 3.8 Axes
 - Level 1.0 Throwing
 - Level 1.1 Armour
 - Level 2.1 Dodging
 - Level 2.0 Spellcasting
 - Level 2.4 Translocations


You had 6 spell levels left.
You didn't know any spells.
Your spell library contained the following spells:

 Spells                   Type           Power      Damage    Failure   Level
 Blink                    Tloc           14%        N/A       99%         2
 Gell's Gravitas          Tloc           7%         N/A       100%        3
 Lesser Beckoning         Tloc           7%         N/A       100%        3
 Teleport Other           Tloc           7%         N/A       100%        3
 Manifold Assault         Tloc           7%         N/A       100%        5

Inventory:

Hand Weapons
 m - a +0 whip
 Y - a +0 hand axe (weapon)
Armour
 i - a +0 chain mail (worn)
Scrolls
 a - 2 scrolls of acquirement {unknown}
Potions
 d - a potion of magic {unknown}
 g - a potion of lignification {unknown}
 j - a potion of curing {unknown}
 k - a potion of heal wounds {unknown}

Dungeon Overview and Level Annotations

Branches:
Dungeon (2/15)

Altars:

Annotations:
D:2 Sigmund


Message History

Sigmund moves out of view.
An orc comes into view. It is wielding a +0 flail.
The orc shouts!
Sigmund casts a spell at you. The magic dart hits you.
A ball python comes into view.
The ball python hisses angrily.
You hit Sigmund. Your peck misses Sigmund.
Sigmund is lightly wounded.
A kobold comes into view. It is wielding a +0 short sword.
Sigmund barely misses you.
You hit Sigmund but do no damage. Your kick misses Sigmund.
Your peck misses Sigmund.
Sigmund is lightly wounded.
Sigmund points at you and mumbles some strange words.
You are confused.
You hit Sigmund. Your kick misses Sigmund. You peck Sigmund.
Sigmund is moderately wounded.
Sigmund hits you with a +1 scythe of distortion.
You hit Sigmund. Your peck misses Sigmund.
Sigmund is moderately wounded.
Sigmund hits you but does no damage.
You blink.
Enter note: Sigmund mumbles some strange words.
Sigmund flickers and vanishes!
Deactivating autopickup; reactivate with Ctrl-A.
The orc hits you with a +0 flail. The kobold hits you but does no damage.
You completely miss the orc. Your kick misses the orc.
Your peck misses the orc. You hit the ball python. You hit the kobold.
You kill the kobold!
You feel less confused.
The ball python bites you but does no damage.
The ball python grabs you. The ball python constricts you.
The orc hits you with a +0 flail.
You hit the ball python.
You kill the ball python!
You barely miss the orc. Something hits you but does no damage.
Space warps horribly around you!
Ouch! That really hurt!
You die...

##.....#.....##
#.............## #####
...............# #....
...............# #....
..........^....# #....
...............# #....
...............# ####....
.........@%....# #.##...<
#........)o...## #.##....
##.....#.....######.##....
#######.###......#.#.....
#.#.....##.#.......
#.#.....##.......##
#.#.....###........
#.#####.. #........ #.#
##...........


You could see an orc.

Vanquished Creatures
  A dart slug (D:1)
  3 ball pythons
  2 endoplasms
  A giant cockroach (D:1)
  A goblin (D:1)
  2 hobgoblins (D:1)
  4 kobolds
  2 quokkas (D:1)
  3 bats
  A frilled lizard (D:2)
  3 rats (D:1)
23 creatures vanquished.

Notes
Turn   | Place    | Note
-------+----------+-------------------------------------------
     0 | D:1      | qw the Tengu Warper began the quest for the Orb.
     0 | D:1      | Reached XP level 1. HP: 12/12 MP: 4/4
     0 | D:1      | 0 ||| qw: Version: 0.1-a-89-g26bdef1
     0 | D:1      | 0 ||| qw: Game counter: 1460
     0 | D:1      | 0 ||| qw: Always use a shield: true
     0 | D:1      | 0 ||| qw: God list: Okawaru
     0 | D:1      | 0 ||| qw: Allow faded altars: false
     0 | D:1      | 0 ||| qw: Do Orc after D:15 true
     0 | D:1      | 0 ||| qw: Do second Lair branch before Depths: true
     0 | D:1      | 0 ||| qw: Lair rune preference: random
     0 | D:1      | 0 ||| qw: Plans: Normal
     0 | D:1      | 0 ||| PLANNING D:1-11
   147 | D:1      | Reached skill level 3 in Axes
   147 | D:1      | Reached XP level 2. HP: 17/17 MP: 6/6
   169 | D:1      | 169 ||| Stepping ~*~*~tactically~*~*~ (stealth).
   192 | D:1      | 192 ||| Stepping ~*~*~tactically~*~*~ (stealth).
   212 | D:1      | 212 ||| Stepping ~*~*~tactically~*~*~ (stealth).
   798 | D:1      | 798 ||| DROPPING +0 club.
  1081 | D:1      | 1081 ||| UPGRADING to +0 ring mail.
  1091 | D:1      | 1091 ||| DROPPING +0 leather armour.
  1092 | D:1      | 1092 ||| UPGRADING to +0 chain mail.
  1102 | D:1      | 1102 ||| DROPPING +0 ring mail.
  1103 | D:1      | 1103 ||| READING scroll labelled GIPPARA SASCH.
  1104 | D:1      | 1104 ||| READING scroll labelled CUSMESSITE.
  1105 | D:1      | 1105 ||| READING scroll labelled WYNLERIXZA.
  1106 | D:1      | 1106 ||| DROPPING scroll of blinking.
  1168 | D:2      | Reached XP level 3. HP: 21/21 MP: 7/7
  1190 | D:2      | Noticed Sigmund
  1200 | D:2      | Slain by Sigmund

Levels and vault maps discovered:
D:1:      wheals_arrival_linesprint, layout_rooms, serial_curves,
          eino_curves_01, eino_curves_01
D:2:      layout_rooms, minmay_joined_circles, uniq_sigmund

Skill      XL: |  1 |
---------------+----+-----
Axes           | 3 |  3.8
Fighting       | |  2.0
Throwing       | |  1.0
Armour         | |  1.1
Dodging        | |  2.1
Spellcasting   | |  2.0
Translocations | |  2.4

Action                   || total
-------------------------++-------
Melee: Hand axe          ||    42
       Kick              ||     6
       Peck              ||     8
Throw: Boomerang         ||     7
  Use: Scroll            ||     3
Armor: Leather armour    ||     8
       Chain mail        ||     5
Dodge: Dodged            ||    11

Table legend:
 A = Non-vault XP
 B = Vault XP
 C = Vault XP percentage of total XP
 D = Non-vault monster count
 E = Vault monster count
 F = Vault count percentage of total count
                 A         B        C        D         E       F
            +---------+---------+-------+---------+---------+-------
      Total |      41 |       0 |   0.0 |      23 |       0 |   0.0
            +---------+---------+-------+---------+---------+-------
        D:1 |      32 |       0 |   0.0 |      18 |       0 |   0.0
        D:2 |       9 |       0 |   0.0 |       5 |       0 |   0.0
            +---------+---------+-------+---------+---------+-------
